 Dungeon Crawl Stone Soup version 0.29-a0-993-g4a18f31a58 (webtiles) character file.

Game seed: 1650373656275937285

51 spaghetti the Caller (level 3, 0/38 HPs)
             Began as an Ogre Summoner on Aug 2, 2022.
             Slain by an adder (3 damage)
             ... on level 4 of the Dungeon.
             The game lasted 00:04:14 (2710 turns).

spaghetti the Caller (Ogre Summoner)                Turns: 2710, Time: 00:04:14

Health: 0/38       AC:  3    Str: 12    XL:     3   Next: 81%
Magic:  0/7        EV:  9    Int: 18    God:
Gold:   102        SH:  0    Dex:  9    Spells: 2/8 levels left

rFire   . . .      SeeInvis .   q - +1 dagger (venom) {short}
rCold   . . .      Faith    .   u - orb {*channel}
rNeg    . . .      Spirit   .   a - +0 robe
rPois   .          Reflect  .   (helmet restricted)
rElec   .          Harm     .   (no cloak)
rCorr   .          Rampage  .   (gloves unavailable)
Will    .....                   (boots unavailable)
Stlth   +.........              (no amulet)
HPRegen 0.12/turn               (no ring)
MPRegen 0.10/turn               (no ring)

@: about to teleport, attractive
A: large, unfitting armour, tough skin 1, robust 1
a: no special abilities


You were on level 4 of the Dungeon.
You visited 1 branch of the dungeon, and saw 4 of its levels.

You collected 102 gold pieces.


Innate Abilities, Weirdness & Mutations

You are too large for most types of armour.
You have tough skin. (AC +1)
You are robust. (+10% HP)


   Skills:
 + Level 2.2 Fighting
 - Level 1.7 Dodging
 - Level 1.4 Stealth
 + Level 3.2 Spellcasting
 + Level 4.0 Summonings
 + Level 0.3 Evocations


You had 2 spell levels left.
You knew the following spells:

 Your Spells              Type           Power      Damage    Failure   Level
a - Summon Small Mammal   Summ           68%        N/A       3%          1
b - Call Imp              Summ           17%        N/A       4%          2
c - Call Canine Familiar  Summ           17%        N/A       9%          3

Your spell library contained the following spells:

 Spells                   Type           Power      Damage    Failure   Level
 Foxfire                  Conj/Fire      8%         2x1d4     16%         1
 Freeze                   Ice            8%         1d3       16%         1
 Summon Guardian Golem    Hex/Summ       10%        N/A       21%         3
 Conjure Flame            Conj/Fire      2%         6-21      43%         3
 Frozen Ramparts          Ice            4%         1d8       43%         3
 Inner Flame              Hex/Fire       2%         N/A       43%         3
 Summon Lightning Spire   Summ/Air       10%        N/A       56%         4
 Flame Wave               Conj/Fire      2%         2d4       85%         4
 Hailstorm                Conj/Ice       2%         3d3       85%         4

Inventory:

Hand Weapons
 f - a +0 dagger {short}
   (You took it off a goblin on level 1 of the Dungeon)
 h - a +0 club {mace}
   (You took it off a goblin on level 1 of the Dungeon)
 j - a +0 whip {mace}
   (You found it on level 1 of the Dungeon)
 k - a +0 spear {polearm}
   (You found it on level 1 of the Dungeon)
 l - a +0 short sword {short}
   (You took it off a kobold on level 1 of the Dungeon)
 m - a +0 short sword {short}
   (You took it off a kobold on level 1 of the Dungeon)
 n - a +0 short sword {short}
   (You found it on level 1 of the Dungeon)
 o - a +0 club {mace}
   (You found it on level 1 of the Dungeon)
 q - a +1 dagger of venom (weapon) {short}
   (You took it off a kobold on level 1 of the Dungeon)
 r - a -2 dagger {short}
   (You found it on level 1 of the Dungeon)
Missiles
 c - 6 poisoned darts {throwing}
 e - 4 atropa-tipped darts {throwing}
 g - 4 stones {throwing}
Armour
 a - a +0 robe (worn)
 u - an orb of energy (worn)
   (You found it on level 2 of the Dungeon)
Jewellery
 w - a ring of protection from cold
   (You found it on level 2 of the Dungeon)
Scrolls
 i - 2 scrolls of teleportation {@r4}
 t - a scroll of poison {!r}
 x - 2 scrolls of vulnerability {!r!r}
Potions
 b - a potion of magic
 p - a potion of flight
 s - 2 potions of brilliance
 v - a potion of cancellation

Dungeon Overview and Level Annotations

Branches:
Dungeon (4/15) Zot: 21285
 Temple: D:4-7

Altars:

.##########
........o.#
......S@r.#
.....†hr..#
.##..5...=+
#.......#
#######+#


You could see an adder (ally target), an orc (ally target), a friendly hound
(summoned), a friendly crimson imp (summoned), a friendly quokka (summoned) and
a friendly rat (summoned).


Message History

You are too injured to fight recklessly!
You are too injured to fight recklessly!
You are too injured to fight recklessly!
You are too injured to fight recklessly!
You are too injured to fight recklessly!
You are too injured to fight recklessly!
You are too injured to fight recklessly!
You are too injured to fight recklessly!
You are too injured to fight recklessly!
You are too injured to fight recklessly!
You are too injured to fight recklessly!
You are too injured to fight recklessly!
You are too injured to fight recklessly!
A gnoll comes into view. It is wielding a +0 club.
The orc hits you with a +0 flail.
There is a stone staircase leading down here. 😮 HP[-6]
You take 6 damage, and now have 25/35 hp.
The ball python bites you but does no damage.
The orc hits you but does no damage.
You climb downwards.
There is a stone staircase leading up here.
Unknown command.
Unknown command. 😮 HP[+1] Unknown command.
Casting: Call Imp (safe; 4% risk of failure)
Confirm with . or Enter, or press ? or * to list all spells.
The ball python bites you but does no damage.
The orc hits you but does no damage. 😮 MP[-3]
You lost 3 mp, and now have 4/7 mp.
Casting: Call Canine Familiar (dangerous; 9% risk of failure)
Confirm with . or Enter, or press ? or * to list all spells.
A beastly little devil appears in a puff of flame.
Your crimson imp says, "Let's raise havoc!"
The ball python bites you.
Your hound bites the ball python.
The orc barely misses you. 😮 HP[-2] MP[-2]
You take 2 damage, and now have 24/35 hp.
You lost 2 mp, and now have 2/7 mp.
Casting: Call Imp (safe; 4% risk of failure)
Confirm with . or Enter, or press ? or * to list all spells.
Your hound misses the ball python. The adder bites you but does no damage.
The ball python barely misses your hound. x2
The orc hits you with a +0 flail!
* * * LOW HITPOINT WARNING * * *
Your hound closely misses the ball python.
Your crimson imp misses the ball python. 😨 HP[-7] MP[-1]
You take 7 damage, and now have 17/35 hp.
You lost 1 mp, and now have 1/7 mp.
Casting: Summon Small Mammal (safe; 3% risk of failure)
Confirm with . or Enter, or press ? or * to list all spells.
The adder misses you.
Your hound barely misses the ball python.
The ball python barely misses your hound.
The ball python misses your hound. The orc hits you with a +0 flail.
* * * LOW HITPOINT WARNING * * *
Your crimson imp barely misses the ball python. 😨 HP[-5] MP[-1]
You take 5 damage, and now have 12/35 hp.
You lost 1 mp, and now have 0/7 mp.
Unknown command.
It was a potion of mutation.
You feel extremely strange.
You feel robust.
Your hound closely misses the ball python.
The adder bites you but does no damage.
The ball python closely misses your hound.
The ball python barely misses your hound.
The orc hits you with a +0 flail.
* * * LOW HITPOINT WARNING * * *
Your rat misses the adder.
Your crimson imp misses the ball python.
Your hound barely misses the ball python. 😱 HP[-6]
You now have 38 max hp (+3).
You take 6 damage, and now have 6/38 hp.
It was a potion of attraction.
You feel attractive to monsters. The adder bites you but does no damage.
The ball python misses your hound.
The ball python barely misses your hound.
Your hound barely misses the ball python.
Your quokka closely misses the orc.
The adder barely misses you.
Your crimson imp barely misses the ball python.
Your rat barely misses the adder.
The orc hits you with a +0 flail.
* * * LOW HITPOINT WARNING * * *
😱 HP[-3]
You take 3 damage, and now have 3/38 hp.
Unknown command.
Unknown command.
Okay, then.
As you read the scroll of teleportation {@r4}, it crumbles to dust.
You feel strangely unstable.
The ball python barely misses your hound.
The ball python grabs your hound. The ball python constricts your hound.
Your hound bites the ball python.
The ball python dies!
Your quokka bites the orc.
The adder bites you.
You die...

Skill      XL: |  1  2  3 |
---------------+----------+-----
Fighting       | 1 2 |  2.2
Spellcasting   | 3 |  3.2
Summonings     | 4 |  4.0
Dodging        | |  1.7
Stealth        | |  1.4
Evocations     | |  0.3

Action                   || total
-------------------------++-------
Melee: Unarmed           ||    57
       Dagger            ||    53
 Cast: Summon Small Mamm ||    25
       Call Imp          ||    10
       Call Canine Famil ||     5
  Use: Scroll            ||     9
       Potion            ||     2
 Stab: Distracted        ||     1
Armor: Robe              ||    57
Dodge: Dodged            ||    68

Levels and vault maps discovered:
D:1:      minmay_arrival_shoal_huts, layout_basic, ebering_ecumenical_altar_rust
D:2:      layout_loops_ring
D:3:      layout_basic
D:4:      layout_gridville, uniq_menkaure

Notes
Turn   | Place    | Note
-------+----------+-------------------------------------------
     0 | D:1      | spaghetti the Ogre Summoner began the quest for the Orb.
     0 | D:1      | Reached XP level 1. HP: 16/16 MP: 3/3
     0 | D:1      | magus.rc [v1.9.6]
   211 | D:1      | Reached skill level 1 in Fighting
   211 | D:1      | Reached XP level 2. HP: 15/27 MP: 2/5
   214 | D:1      | Learned a level 2 spell: Call Imp
  1083 | D:1      | Found a faded altar of an unknown god.
  1101 | D:1      | Reached skill level 3 in Spellcasting
  1110 | D:1      | You pick up a book of Flames and begin reading...
  1110 | D:1      | You add the spells Foxfire, Conjure Flame, Inner Flame and
                  | Flame Wave to your library.
  1252 | D:1      | Reached XP level 3. HP: 35/35 MP: 7/7
  1256 | D:1      | Learned a level 3 spell: Call Canine Familiar
  1355 | D:1      | You pick up a book of Frost and begin reading...
  1355 | D:1      | You add the spells Freeze, Frozen Ramparts and Hailstorm to
                  | your library.
  2033 | D:2      | Reached skill level 2 in Fighting
  2033 | D:2      | Reached skill level 4 in Summonings
  2708 | D:4      | Gained mutation: You are robust. (+10% HP) [potion of
                  | mutation]
  2708 | D:4      | HP: 6/38 [orc/+0 flail (6)]
  2710 | D:4      | Slain by an adder

Vanquished Creatures
  An adder (D:2)
  An endoplasm (D:2)
  A giant cockroach (D:1)
  A goblin (D:1)
  A hobgoblin (D:1)
  2 jackals (D:2)
  3 kobolds
  3 quokkas (D:2)
  A ball python (D:2)
  2 bats
  A frilled lizard (D:2)
  2 rats
19 creatures vanquished.

Vanquished Creatures (collateral kills)
  2 endoplasms
  2 goblins
  3 hobgoblins (D:1)
  3 kobolds
  2 quokkas (D:1)
  3 ball pythons
  2 bats (D:1)
  A frilled lizard (D:1)
  2 rats
20 creatures vanquished.

Grand Total: 39 creatures vanquished

Table legend:
 A = Non-vault XP
 B = Vault XP
 C = Vault XP percentage of total XP
 D = Non-vault monster count
 E = Vault monster count
 F = Vault count percentage of total count
                 A         B        C        D         E       F
            +---------+---------+-------+---------+---------+-------
      Total |      75 |       0 |   0.0 |      39 |       0 |   0.0
            +---------+---------+-------+---------+---------+-------
        D:1 |      35 |       0 |   0.0 |      21 |       0 |   0.0
        D:2 |      38 |       0 |   0.0 |      17 |       0 |   0.0
        D:4 |       2 |       0 |   0.0 |       1 |       0 |   0.0
            +---------+---------+-------+---------+---------+-------

Illustrated notes

Table legend:
 A = Kills in this place as a percentage of kills in entire the game.
 B = Kills by you in this place as a percentage of kills by you in the entire game.
 C = Kills by friends in this place as a percentage of kills by friends in the entire game.
 D = Other kills in this place as a percentage of other kills in the entire game.
 E = Experience gained in this place as a percentage of experience gained in the entire game.
 F = Experience gained in this place divided by the number of levels of this place that you have seen.
                   A       B       C       D       E      F
               +-------+-------+-------+-------+-------+----------------------
         Total | 100.0 | 100.0 | 100.0 |   N/A | 100.0 |  18.8
       Dungeon | 100.0 | 100.0 | 100.0 |   N/A | 100.0 |  18.8
               +-------+-------+-------+-------+-------+----------------------

Table legend: (Time is in decaauts)
 A = Elapsed time spent in this place.
 B = Non-inter-level travel time spent in this place.
 C = Inter-level travel time spent in this place.
 D = Time resting spent in this place.
 E = Time spent auto-exploring this place.
 F = Levels seen in this place.
 G = Mean time per level.
                   A        B        C        D        E       F      G
               +--------+--------+--------+--------+--------+-----+--------+
         Total |   2713 |   2646 |     67 |      0 |   2274 |   4 |  678.2 |
       Dungeon |   2713 |   2646 |     67 |      0 |   2274 |   4 |  678.2 |
               +--------+--------+--------+--------+--------+-----+--------+

Top non-repeatable levels by time:
     D:1: 1583 daAuts
     D:2: 1118 daAuts
     D:4: 6 daAuts
     D:3: 3 daAuts
